 Dungeon Crawl Stone Soup version 0.30-a0-219-gf2db51d15e (webtiles) character file.

Game seed: 1840470576779451222

19763 heikuro the Cleaver (level 13, -12/80 HPs)
             Began as a Formicid Fighter on Oct 6, 2022.
             Was an Elder of Makhleb.
             Mangled by a minotaur
             ... wielding the +11 war axe of Sulphur {chaos, Str-3 Int+2 Dex+2}
              (29 damage)
             ... in a Gauntlet.
             The game lasted 00:32:38 (12272 turns).

heikuro the Cleaver (Formicid Fighter)             Turns: 12272, Time: 00:32:39

Health: -12/80     AC: 21    Str: 32    XL:     13   Next: 7%
Magic:  19/19      EV:  6    Int:  4    God:    Makhleb [****..]
Gold:   777        SH: 18    Dex: 18    Spells: 12/12 levels left

rFire   . . .      SeeInvis +    a - +1 war axe (elec)
rCold   . . .      Faith    .    s - +0 tower shield
rNeg    . . .      Spirit   .    W - +0 plate armour
rPois   +          Reflect  .    (helmet unavailable)
rElec   .          Harm     .    l - +2 cloak
rCorr   .          Rampage  .    P - +0 pair of gloves
Will    +....                    f - +0 pair of boots
Stlth   ..........               c - amulet "Ceuluch" {Acrobat rPois Int-3 Dex+6 Stlth+}
HPRegen 0.33/turn                x - +6 ring of strength
MPRegen 0.16/turn                k - +4 ring of protection

@: no status effects
A: permanent stasis, dig shafts and tunnels, antennae 3, four strong arms,
iridescent scales 1, strong 1, wild magic 1, [deformed body], [frail 2], [weak
2], [subdued magic 2]
a: Dig, Renounce Religion, Minor Destruction, Lesser Servant of Makhleb, Major
Destruction


You were in a Gauntlet.
You worshipped Makhleb.
Makhleb was greatly pleased with you.
You visited 2 branches of the dungeon, and saw 12 of its levels.
You also visited: Gauntlet.

You collected 777 gold pieces.

Inventory:

Hand Weapons
 a - a +1 war axe of electrocution (weapon)
 J - the +7 morningstar of the Curious Leylines {freeze, +Blink}
   (You found it on level 6 of the Dungeon)

   It freezes those it strikes, dealing additional cold damage.
   It can also slow down cold-blooded creatures.
   +Blink:    It lets you blink.
 Q - a +0 demon whip of venom
Missiles
 g - 5 curare-tipped darts
 z - a throwing net
 M - 14 poisoned darts
Armour
 f - a +0 pair of boots (worn)
 l - a +2 cloak (worn)
 s - a +0 tower shield (worn)
 P - a +0 pair of gloves (worn)
 W - a +0 plate armour (worn)
Jewellery
 c - the amulet "Ceuluch" (around neck) {Acrobat rPois Int-3 Dex+6 Stlth+}
   (You found it in a Gauntlet)

   [amulet of the acrobat]

   It increases your evasion while moving and waiting.
   Int:       It affects your intelligence (-3).
   Dex:       It affects your dexterity (+6).
   rPois:     It protects you from poison.
   Stlth:     It makes you more stealthy.
 j - a +6 ring of dexterity
 k - a +4 ring of protection (right hand)
 q - a ring of protection from cold
 w - a ring of positive energy
 x - a +6 ring of strength (left hand)
 S - a ring of poison resistance
 X - a +4 ring of evasion
Wands
 t - a wand of flame (25)
 D - a wand of mindburst (21)
 H - a wand of quicksilver (19)
 K - a wand of paralysis (4)
 R - a wand of digging (5)
Scrolls
 b - a scroll of summoning
 n - 7 scrolls of identify
 o - a scroll of vulnerability {unknown}
 p - 4 scrolls of fog
 r - a scroll of immolation
 u - a scroll of torment {unknown}
 v - a scroll of fear
 y - a scroll of amnesia
 A - a scroll of poison
 B - a scroll of blinking {unknown}
 E - a scroll of magic mapping
 F - 2 scrolls of enchant armour {unknown}
 L - a scroll of noise {unknown}
 O - a scroll of brand weapon {unknown}
 T - a scroll of acquirement {unknown}
Potions
 d - 4 potions of might
 e - 6 potions of brilliance
 h - 6 potions of lignification
 i - 6 potions of curing
 m - 4 potions of heal wounds
 C - 4 potions of mutation
 G - 2 potions of ambrosia
 I - a potion of resistance
 N - a potion of magic
 U - 2 potions of invisibility
 V - a potion of attraction {unknown}


   Skills:
 + Level 9.5 Fighting
 * Level 11.5 Axes
 + Level 9.5 Armour
 + Level 11.2 Shields
 + Level 8.6 Invocations
 + Level 8.4 Evocations


You had 12 spell levels left.
You didn't know any spells.
Your spell library contained the following spells:

 Spells                   Type           Power      Damage    Failure   Level
 Foxfire                  Conj/Fire      0%         2x1d4     100%        1
 Sting                    Tmut/Pois      0%         1d3       100%        1
 Summon Small Mammal      Summ           0%         N/A       100%        1
 Ensorcelled Hibernation  Hex/Ice        0%         N/A       100%        2
 Passwall                 Tmut/Erth      0%         N/A       100%        2
 Poisonous Vapours        Pois/Air       0%         N/A       100%        2
 Sublimation of Blood     Necr           0%         N/A       100%        2
 Call Canine Familiar     Summ           0%         N/A       100%        3
 Gell's Gravitas          Tloc           0%         N/A       100%        3
 Summon Guardian Golem    Hex/Summ       0%         N/A       100%        3
 Teleport Other           Tloc           0%         N/A       100%        3
 Tukima's Dance           Hex            0%         N/A       100%        3
 Manifold Assault         Tloc           0%         N/A       100%        4
 Olgreb's Toxic Radiance  Pois           0%         N/A       100%        4
 Passage of Golubria      Tloc           0%         N/A       100%        4
 Petrify                  Tmut/Erth      0%         N/A       100%        4
 Fireball                 Conj/Fire      0%         3d3       100%        5
 Irradiate                Conj/Tmut      0%         3d11      100%        5
 Yara's Violent Unravell  Hex/Tmut       0%         3d3       100%        5
 Dispersal                Tloc           0%         N/A       100%        6
 Starburst                Conj/Fire      0%         6d3       100%        6
 Storm Form               Tmut/Air       0%         N/A       100%        7
 Blink                    Tloc           Unusable   N/A       N/A         2
 Swiftness                Air            Unusable   N/A       N/A         3

Dungeon Overview and Level Annotations

Branches:
Dungeon (11/15)            Temple (1/1) D:5            Lair (0/5) D:11
    Orc (0/2) D:9         Gauntlet (1/1)

Altars:
Ashenzari
Cheibriados
Dithmenos
Elyvilon
Fedhas
Gozag
Hepliaklqana
Kikubaaqudgha
Makhleb
Nemelex Xobeh
Okawaru
Qazlal
Ru
Sif Muna
Trog
Uskayaw
Vehumet
Wu Jian
Xom
Yredelemnul
Zin
The Shining One

Annotations:
Gauntlet 21 runed translucent doors, 8 transporters, exclusion: 2 ice statues


Innate Abilities, Weirdness & Mutations

You cannot be hasted, slowed, berserked, paralysed or teleported.
You can dig through walls and to a lower floor.
You have a pair of large antennae on your head. (SInv)
Your four strong arms can wield two-handed weapons with a shield.
You are partially covered in iridescent scales. (AC +2)
Your muscles are strong. (Str +4, Int/Dex -1)
Your spells are a little harder to cast, but a little more powerful.
[Armour fits poorly on your strangely shaped body.]
[You are very frail. (-20% HP)]
[You are very weak. (Str -4)]
[Your spells are easier to cast, but less powerful.]


Message History

The iron imp shouts, "Run away, thou pottle-deep mumble-news pigeon-egg!"
The iron imp grinds its teeth.
The iron imp lashes its tail.
The iron imp shouts, "Decamp, thou warped dread-bolted lewdster!"
The iron imp spits at you.
The iron imp shouts, "Slither home, thou pandering base-court lewdster!"
The iron imp puffs mist at you.
Done waiting.
You swap places.
You open the door.
A minotaur comes into view.
It is wielding the +11 war axe of Sulphur {chaos, Str-3 Int+2 Dex+2}, wearing a +1 scale mail of fire resistance and quivering silver javelins.
The minotaur bellows!
The minotaur throws a silver javelin.
The silver javelin closely misses you.
Your smoke demon gestures at the minotaur.
The minotaur is smitten.
Found two embroidered robes, a wand of digging (3) and a pitted rapier.
The minotaur throws a silver javelin.
The silver javelin completely misses you.
The minotaur throws a silver javelin.
The silver javelin pierces through your smoke demon!!!
The silver sears your smoke demon!
Your smoke demon dies!
Your smoke demon disappears in a puff of smoke!
The silver javelin pierces through you! The silver sears you!
Found a gate leading back out of this place.
The minotaur throws a silver javelin.
The silver javelin barely misses you.
There is an open door here.
The minotaur throws a silver javelin.
The silver javelin pierces through you!!
The silver sears you! You block the minotaur's attack. x2
A demon appears!
The minotaur hits you with the +11 war axe of Sulphur {chaos, Str-3 Int+2 Dex+2}.
* * * LOW HITPOINT WARNING * * *
The minotaur burns you.
* * * LOW HITPOINT WARNING * * *
The minotaur gores you but does no damage.
A demon appears!
The minotaur hits you with the +11 war axe of Sulphur {chaos, Str-3 Int+2 Dex+2}!!
You die...

#≈8§#..#!.P #
#####...#..#©.. #.
......8.#..#?.P
.##.###...#..#5.#
.......8.#..#55.
..#.#...#..#35.
#########.#.#...#..####
#8)8/8.8#...#.©.#≈.....
#∩...H@33.###...#∩.....
#8[8[8.8#...#.©.#≈.....
#########.#.#...#..####
#.....#.#...#..##..
#8........8.#..#.#.
##.##.###...#..#..#
#........8.#..#...
########...#..#©..
#§8≈#..#[..


You could see a minotaur (ally target) and 2 friendly neqoxecs.

Vanquished Creatures
  An ettin (D:10)
  A great orb of eyes (D:10)
  Erolcha (D:9)
  2 two-headed ogres
  A catoblepas (D:10)
  Erica (D:8)
  Amaemon (D:8)
  Pikel (D:8)
  A deep elf pyromancer (D:10)
  A manticore (D:10)
  3 cyclopes (D:10)
  Maurice (D:9)
  An orange demon (D:8)
  An unseen horror (D:11)
  A kobold demonologist (D:10)
  3 trolls
  Grinder (D:5)
  2 shadows
  3 wraiths (D:10)
  16 yaks
  Grum (D:8)
  A neqoxec (Gauntlet)
  4 vampire mosquitoes (D:10)
  A steam dragon (D:10)
  Edmund (D:5)
  An acid dragon (D:10)
  3 water moccasins
  2 hell hounds (Gauntlet)
  5 orc warriors
  An ice beast (D:5)
  A sky beast (D:6)
  5 ogres
  5 centaurs
  3 wolves (D:8)
  4 lemures (D:8)
  A kobold brigand (D:10)
  3 bullfrogs
  A necrophage (D:6)
  2 gnoll sergeants (D:10)
  3 scorpions
  12 wights
  9 killer bees
  2 howler monkeys (D:10)
  3 hounds
  4 jellies
  8 orc priests
  3 gnoll boudas
  Natasha (thrice) (D:3)
  3 iguanas
  Ijyb (D:5)
  12 orc wizards
  3 adders
  18 gnolls
  A white imp (D:6)
  An ufetubus (D:6)
  2 worms
  49 orcs
  5 ball pythons
  4 endoplasms
  3 giant cockroaches
  7 goblins
  13 hobgoblins
  9 jackals
  3 quokkas
  5 bats
  5 kobolds
  2 rats
281 creatures vanquished.

Vanquished Creatures (collateral kills)
  A hell beast (Gauntlet)
  A wretched star (Gauntlet)
  A centaur (D:9)
3 creatures vanquished.

Vanquished Creatures (others)
  An ogre mage (D:10)
  A manticore (D:10)
  A yak (D:10)
  A steam dragon (D:10)
  A kobold brigand (D:10)
  A killer bee (D:10)
  23 demonic plants (Gauntlet)
  4 fungi (D:3)
  51 plants (D:10)
84 creatures vanquished.

Grand Total: 368 creatures vanquished

Notes
Turn   | Place    | Note
-------+----------+-------------------------------------------
     0 | D:1      | heikuro the Formicid Fighter began the quest for the Orb.
     0 | D:1      | Reached XP level 1. HP: 18/18 MP: 1/1
    81 | D:1      | Reached XP level 2. HP: 21/24 MP: 2/2
   386 | D:1      | Found a faded altar of an unknown god.
   474 | D:1      | Reached XP level 3. HP: 29/29 MP: 3/3
   896 | D:2      | Reached XP level 4. HP: 37/37 MP: 4/4
  1594 | D:3      | Noticed Natasha
  1601 | D:3      | Killed Natasha
  2039 | D:3      | Noticed Natasha
  2043 | D:3      | Killed Natasha
  2044 | D:3      | Reached XP level 5. HP: 30/42 MP: 5/5
  2316 | D:3      | Noticed Natasha
  2324 | D:3      | Killed Natasha
  2824 | D:3      | Reached skill level 5 in Shields
  2878 | D:4      | Reached XP level 6. HP: 48/48 MP: 6/6
  3135 | D:4      | Noticed an ogre
  3138 | D:4      | Killed an ogre
  3139 | D:4      | Reached skill level 1 in Evocations
  3452 | D:4      | Reached XP level 7. HP: 50/55 MP: 7/7
  4311 | D:5      | Entered Level 5 of the Dungeon
  4335 | D:5      | Noticed Grinder
  4357 | D:5      | Killed Grinder
  4358 | D:5      | Reached skill level 5 in Axes
  4371 | D:5      | Gained mutation: You have hidden genetic potential. [potion
                  | of mutation]
  4425 | D:5      | Found a staircase to the Ecumenical Temple.
  4456 | D:5      | Reached skill level 5 in Fighting
  4456 | D:5      | Reached skill level 5 in Armour
  4477 | Temple   | Entered the Ecumenical Temple
  4747 | Temple   | Became a worshipper of Makhleb the Destroyer
  4821 | D:5      | Reached XP level 8. HP: 54/62 MP: 8/8
  4937 | D:5      | Reached skill level 1 in Invocations
  4968 | D:5      | Noticed Edmund
  4977 | D:5      | Killed Edmund
  4988 | D:5      | Gained mutation: You are covered in fur. (AC +1) [hidden
                  | potential]
  5432 | D:5      | Noticed Ijyb
  5436 | D:5      | Killed Ijyb
  5548 | D:6      | Identified the +1 scale mail "Xadaxa" {Harm rN+ Int-3}
  5629 | D:6      | Identified the +7 morningstar of the Curious Leylines
                  | {freeze, +Blink}
  5655 | D:6      | Reached XP level 9. HP: 64/69 MP: 10/10
  5989 | D:6      | Reached * piety under Makhleb
  6103 | D:6      | Gained mutation: You expend magic power (3 MP) to
                  | strengthen your wands. [hidden potential]
  6103 | D:6      | Lost mutation: You have hidden genetic potential. [hidden
                  | potential expressed]
  7322 | D:8      | Reached ** piety under Makhleb
  7342 | D:8      | Reached XP level 10. HP: 77/77 MP: 13/13
  7403 | D:8      | Reached skill level 5 in Evocations
  7493 | D:8      | Noticed an orange demon
  7495 | D:8      | Noticed Amaemon
  7499 | D:8      | Killed an orange demon
  7506 | D:8      | Killed Amaemon
  7507 | D:8      | Reached skill level 5 in Invocations
  7703 | D:8      | Noticed Grum
  7726 | D:8      | Killed Grum
  8039 | D:8      | Noticed Erica
  8051 | D:8      | Killed Erica
  8104 | D:8      | Noticed Pikel
  8113 | D:8      | Killed Pikel
  8114 | D:8      | Reached XP level 11. HP: 84/84 MP: 15/15
  8354 | D:9      | Found an iron altar of Okawaru.
  8661 | D:9      | Reached *** piety under Makhleb
  8756 | D:9      | Noticed Erolcha
  8763 | D:9      | Killed Erolcha
  8870 | D:9      | Found a staircase to the Orcish Mines.
  9131 | D:9      | Found a glowing golden altar of the Shining One.
  9278 | D:9      | Found an opulent altar of Gozag.
  9278 | D:9      | Found a hazy altar of Hepliaklqana.
  9286 | D:9      | Found a blossoming altar of Fedhas.
  9286 | D:9      | Noticed Maurice
  9286 | D:9      | Noticed a two-headed ogre
  9298 | D:9      | Killed a two-headed ogre
  9299 | D:9      | Killed Maurice
  9302 | D:9      | Found a basalt altar of Yredelemnul.
  9309 | D:9      | Found a stormy altar of Qazlal.
  9313 | D:9      | Found a sacrificial altar of Ru.
  9656 | D:10     | Entered Level 10 of the Dungeon
  9752 | D:10     | Reached skill level 10 in Axes
  9752 | D:10     | Reached **** piety under Makhleb
  9803 | D:10     | Reached skill level 10 in Shields
  9817 | D:10     | Identified the +6 trident of Udotil {vorpal, Will- Int+2
                  | Dex+5}
  9821 | D:10     | Noticed a cyclops
  9822 | D:10     | Noticed an ettin
 10063 | D:10     | Noticed a catoblepas
 10066 | D:10     | Reached XP level 12. HP: 61/94 MP: 17/17
 10080 | D:10     | Killed a catoblepas
 10298 | D:10     | Identified the +6 trident "Woev" {freeze, MP+9 Str-5 Dex+5
                  | Stlth+}
 10321 | D:10     | Killed an ettin
 10937 | D:10     | Lost mutation: You expend magic power (3 MP) to strengthen
                  | your wands. [potion of mutation]
 10937 | D:10     | Lost mutation: You are covered in fur. (AC +1) [potion of
                  | mutation]
 10937 | D:10     | Gained mutation: You are partially covered in iridescent
                  | scales. (AC +2) [potion of mutation]
 10937 | D:10     | Gained mutation: Your muscles are strong. (Str +4, Int/Dex
                  | -1) [potion of mutation]
 10937 | D:10     | Gained mutation: Your spells are a little harder to cast,
                  | but a little more powerful. [potion of mutation]
 10956 | D:10     | Noticed an ogre mage
 10993 | D:10     | Killed an ogre mage
 11385 | D:10     | Noticed a two-headed ogre
 11394 | D:10     | Killed a two-headed ogre
 11409 | D:10     | Noticed a great orb of eyes
 11420 | D:10     | Killed a great orb of eyes
 11793 | D:11     | Found a gate leading to a gauntlet.
 11811 | Gauntlet | Entered a Gauntlet
 11811 | Gauntlet | Noticed a hell beast
 11811 | Gauntlet | Found a large runed translucent door.
 11811 | Gauntlet | Found a large runed translucent door.
 11811 | Gauntlet | Found a large runed translucent door.
 11811 | Gauntlet | Found a large runed translucent door.
 11811 | Gauntlet | Found a large runed translucent door.
 11811 | Gauntlet | Found a large runed translucent door.
 11811 | Gauntlet | Found a large runed translucent door.
 11811 | Gauntlet | Found a large runed translucent door.
 11811 | Gauntlet | Found a runed translucent door.
 11811 | Gauntlet | Found a runed translucent gate.
 11811 | Gauntlet | Found a transporter.
 11811 | Gauntlet | Found a transporter.
 11811 | Gauntlet | Found a runed translucent gate.
 11811 | Gauntlet | Found a transporter.
 11811 | Gauntlet | Found a transporter.
 11815 | Gauntlet | Found a transporter.
 11820 | Gauntlet | Noticed a wretched star
 11825 | Gauntlet | Found a transporter.
 11883 | Gauntlet | Found a runed translucent door.
 11884 | Gauntlet | Found a large runed translucent door.
 11884 | Gauntlet | Found a large runed translucent door.
 11884 | Gauntlet | Found a large runed translucent door.
 11884 | Gauntlet | Found a large runed translucent door.
 11885 | Gauntlet | Found a large runed translucent door.
 11885 | Gauntlet | Found a large runed translucent door.
 11886 | Gauntlet | Found a large runed translucent door.
 11886 | Gauntlet | Found a large runed translucent door.
 11890 | Gauntlet | Found a transporter.
 11902 | Gauntlet | Found a transporter.
 11902 | Gauntlet | Noticed a tengu warrior
 11916 | Gauntlet | Found a transporter.
 11932 | Gauntlet | Found a transporter.
 11941 | Gauntlet | Found a transporter.
 11947 | Gauntlet | Found a transporter.
 11970 | Gauntlet | Found a runed translucent gate.
 12055 | Gauntlet | Killed a hell beast
 12056 | Gauntlet | Reached XP level 13. HP: 75/101 MP: 19/19
 12056 | Gauntlet | Identified the amulet "Ceuluch" {Acrobat rPois Int-3 Dex+6
                  | Stlth+}
 12265 | Gauntlet | Identified the +11 war axe of Sulphur {chaos, Str-3 Int+2
                  | Dex+2}
 12265 | Gauntlet | Noticed a minotaur
 12272 | Gauntlet | Mangled by a minotaur

Illustrated notes

Levels and vault maps discovered:
D:1:      wander_arrival_chamber, layout_basic,
          hellmonk_ecumenical_altar_heavens_door
D:2:      layout_rooms
D:3:      layout_loops_ring, dreamdust_mushroom_princess, eino_curves_01,
          minivault_19, minivault_25, uniq_natasha
D:4:      minmay_bubble_buster, layout_loops_ring
D:5:      nicolae_cairo_tiling, layout_basic,
          minmay_temple_entry_enclosed_plants, hangedman_decor_push,
          minmay_misc_feat_enclosed, nrook_pool_corridor, uniq_grinder,
          uniq_ijyb, uniq_edmund
D:6:      corexii_shack_village, layout_loops_ring
D:7:      layout_rooms, dreamdust_wishing_well
D:8:      layout_loops_cross, uniq_amaemon, uniq_grum, uniq_pikel, uniq_erica
D:9:      layout_roguey, nicolae_overflow_hallway_of_the_gods,
          mainiacjoe_overflow_big_doors, hiddenorc2_lemuel, serial_rivers,
          chequers_serial_rivers_small_a, chequers_serial_rivers_micro_d,
          chequers_serial_rivers_small_b, chequers_serial_rivers_marsh,
          chequers_serial_rivers_micro_e, uniq_erolcha, uniq_maurice
D:10:     nzn_winding_woodlands_large [nzn_winding_woodlands_5x5_cross,
          nzn_winding_woodlands_5x15_longhouse, nzn_winding_woodlands_5x5_three,
          nzn_winding_woodlands_center_lodge,
          nzn_winding_woodlands_15x15_five_gardens,
          nzn_winding_woodlands_center_garden, nzn_winding_woodlands_hourglass,
          nzn_winding_woodlands_5x15_pathside_ponds,
          nzn_winding_woodlands_5x5_open_star], layout_rooms
D:11:     layout_long_grid, grunt_lair_entry_orc_guard_hut,
          gauntlet_entry_generic
Temple:   minmay_temple_curvy_branch
Gauntlet: gammafunk_gauntlet_shortcut [gammafunk_gauntlet_arena_open,
          nicolae_gauntlet_arena_x, minmay_gauntlet_arena_make_your_own_arena,
          nicolae_gauntlet_swirl, nicolae_gauntlet_arena_grate_2,
          gammafunk_gauntlet_arena_hedges,
          nicolae_gauntlet_exit_dead_adventurers]

Skill      XL: |  1  2  3  4  5  6  7  8  9 10 11 12 |
---------------+-------------------------------------+-----
Axes           | 3 4 5 6 7 8 10 11 | 11.5
Fighting       | 4 5 6 7 8 9 |  9.5
Armour         | 4 5 6 7 8 9 |  9.5
Shields        | 5 6 7 8 10 11 | 11.2
Evocations     | 1 2 3 4 6 7 8 |  8.4
Invocations    | 2 4 5 7 8 |  8.6

Action                   |  1- 3 |  4- 6 |  7- 9 | 10-12 | 13-15 || total
-------------------------+-------+-------+-------+-------+-------++-------
Melee: War axe           |    56 |    83 |   214 |   383 |     9 ||   745
       Morningstar       |       |       |    13 |    60 |       ||    73
Throw: Dart              |       |     1 |       |       |       ||     1
Invok: Minor Destruction |       |       |       |    21 |       ||    21
       Lesser Servant of |       |       |       |     7 |     3 ||    10
 Abil: Dig               |       |     1 |       |       |       ||     1
Evoke: Wand              |       |       |       |     7 |       ||     7
  Use: Scroll            |       |     4 |     5 |    10 |       ||    19
       Potion            |       |       |     1 |     2 |       ||     3
 Stab: Paralysed         |       |       |       |     6 |       ||     6
       Distracted        |       |       |       |       |     1 ||     1
Armor: Scale mail        |    39 |     6 |       |       |       ||    45
       Chain mail        |       |    37 |   119 |   246 |       ||   402
       Plate armour      |       |       |       |    31 |     4 ||    35
Dodge: Dodged            |    24 |    24 |    91 |   177 |     3 ||   319
Block: Buckler           |    28 |    27 |    70 |   161 |       ||   286
       Tower shield      |       |       |       |    45 |     4 ||    49

Table legend: (Time is in decaauts)
 A = Elapsed time spent in this place.
 B = Non-inter-level travel time spent in this place.
 C = Inter-level travel time spent in this place.
 D = Time resting spent in this place.
 E = Time spent auto-exploring this place.
 F = Levels seen in this place.
 G = Mean time per level.
                   A        B        C        D        E       F      G
               +--------+--------+--------+--------+--------+-----+--------+
         Total |  12412 |  12092 |    320 |   2137 |   5929 |  13 |  954.8 |
       Dungeon |  11668 |  11358 |    310 |   1986 |   5538 |  11 | 1060.7 |
        Temple |    281 |    271 |     10 |      0 |    245 |   1 |  281.0 |
      Gauntlet |    461 |    461 |      0 |    151 |    146 |   1 |  461.0 |
               +--------+--------+--------+--------+--------+-----+--------+

Top non-repeatable levels by time:
     D:9: 2184 daAuts
     D:3: 1603 daAuts
     D:4: 1457 daAuts
    D:10: 1243 daAuts
     D:8: 1176 daAuts
     D:6: 985 daAuts
     D:5: 963 daAuts
     D:1: 741 daAuts
     D:7: 693 daAuts
     D:2: 560 daAuts
Gauntlet: 461 daAuts
  Temple: 281 daAuts
    D:11: 59 daAuts
